 Dungeon Crawl Stone Soup version 0.20.1-1-g8b1a95d (webtiles) character file.

1827 Peloso the Carver (level 8, 78/78 HPs)
             Began as a Minotaur Chaos Knight on July 29, 2017.
             Quit the game on level 7 of the Dungeon.
             The game lasted 00:13:15 (5086 turns).

Peloso the Carver (Minotaur Chaos Knight)           Turns: 5086, Time: 00:13:16

Health: 78/78      AC: 17    Str: 19    XL:     8   Next: 86%
Magic:  7/7        EV:  7    Int:  9    God:    Xom [*.....]
Gold:   406        SH:  0    Dex: 10    Spells: 7/7 levels left

rFire    + . .     SeeInvis .   m - +3 falchion (holy)
rCold    x . .     Gourm    .   (no shield)
rNeg     . . .     Faith    .   D - +0 plate armour
rPois    .         Spirit   .   (helmet restricted)
rElec    .         Reflect  .   (no cloak)
rCorr    .         Harm     .   (no gloves)
MR       .....                  (no boots)
Stlth    ..........             (no amulet)
Regen    0.3/turn               L - ring of fire
MPRegen  0.1/turn               o - +5 ring of protection

@: no status effects
A: retaliatory headbutt, horns 2, sense surroundings 1, robust 1
a: Renounce Religion


You were on level 7 of the Dungeon.
You worshipped Xom.
You were a special plaything of Xom.
You were hungry.

You visited 1 branch of the dungeon, and saw 7 of its levels.
You also visited: Ossuary.

You collected 406 gold pieces.

Inventory:

Hand Weapons
 a - a +0 falchion of chaos
 m - a +3 falchion of holy wrath (weapon)
Armour
 b - a +2 leather armour
 t - a +0 pair of gloves
 x - a +0 chain mail
 D - a +0 plate armour (worn)
Jewellery
 l - an uncursed ring of magical power
 o - a +5 ring of protection (right hand)
 p - an uncursed ring of magical power
 r - an uncursed ring of see invisible
 y - an uncursed ring of wizardry
 L - a ring of fire (left hand)
Wands
 e - a wand of acid (8/15)
 s - a wand of disintegration (10/24)
 J - a wand of lightning (9/15)
Scrolls
 f - 7 scrolls of identify {unknown}
 g - 3 scrolls of remove curse {unknown}
 i - 3 scrolls of teleportation {unknown}
 j - 2 scrolls of enchant armour {unknown}
 n - a scroll of enchant weapon {unknown}
 q - 2 scrolls of fear {unknown}
 z - a scroll of random uselessness {unknown}
 A - 2 scrolls of brand weapon {unknown}
 F - 2 scrolls of amnesia {unknown}
 H - a scroll of immolation {unknown}
Potions
 h - a potion of agility
 k - a potion of haste
 u - a potion of brilliance
 v - a potion of might
 B - a potion of degeneration
 E - a potion of heal wounds
 G - a potion of curing
 I - a potion of cancellation
 K - a potion of resistance {unknown}
Comestibles
 c - 5 bread rations
 d - 9 fruits
 w - 4 meat rations
 C - a royal jelly


   Skills:
 + Level 6.7 Fighting
 + Level 10.3 Long Blades
 + Level 5.8 Armour
 + Level 4.5 Dodging
 + Level 1.7 Stealth


You had 7 spell levels left.
You didn't know any spells.

Dungeon Overview and Level Annotations

Branches:
Dungeon (7/15)             Temple (0/1) D:5

Altars:
Okawaru


Innate Abilities, Weirdness & Mutations

You reflexively headbutt those who attack you in melee.
You have a pair of horns on your head.
You passively map a small area around you.
You are robust. (+10% HP)


Message History

The jackal skeleton completely misses you.
You furiously retaliate!
You headbutt the jackal skeleton!
You destroy the jackal skeleton!
Key pressed, stopping explore.
f - 7 scrolls labeled YBROL YFUSM (gained 1)
Found a stone staircase leading up.
You are feeling hungry.
Done exploring.
Done exploring.
Done exploring.
Done exploring.
You're wearing all the rings you can.
Remove which one? (? for menu, Esc to cancel) < or
r - a ring of see invisible; > or
o - a +5 ring of protection You remove your ring of see invisible.
You feel more attuned to fire.
L - a ring of fire (left hand) Quiver which item? (- for none, * to show all) (? for menu, Esc to quit)
Okay, then.
Are you sure you want to abandon this character and quit the game? (Confirm with "yes".)

##.......#.#
##..######.########
...## #........# ####
########.# #.##.#
#....#### #.#####.#
#.#.....# #.#@###.#
#############.#<# #.#
#.............#.# #.#
#.#################.##
#.# #.............#
#.# #.#############
#.# #.# #.# #.#
#.######.#


There were no monsters in sight!

Vanquished Creatures
  The ghost of Gargoyl the Chopper, a novice MiAK of Lugonu (D:6)
  A hippogriff (D:7)
  2 ice beasts
  2 ogres
  An elf zombie (Ossuary)
  2 scorpions (D:4)
  The ghost of WobbleTop the Ducker, a weakling DsGl (D:3)
  A howler monkey (D:4)
  2 hounds
  An orc wizard (D:5)
  A human zombie (Ossuary)
  2 orc priests (D:5)
  2 iguanas
  Terence (D:2)
  7 worker ants
  A big kobold zombie (Ossuary)
  A mummy (Ossuary)
  A hound skeleton (D:4)
  4 adders
  3 gnolls (D:3)
  An ooze (D:3)
  An adder skeleton (D:7)
  An adder zombie (D:7)
  3 worms
  2 dart slugs (D:2)
  9 orcs
  7 bats
  13 giant cockroaches
  3 goblins (D:1)
  9 hobgoblins
  3 jackals (D:5)
  6 quokkas
  A ball python (D:3)
  5 frilled lizards
  13 hobgoblin zombies (Ossuary)
  A jackal skeleton (D:7)
  3 jackal zombies (Ossuary)
  9 kobolds
  6 kobold zombies (Ossuary)
  6 orc zombies (Ossuary)
  A quokka zombie (D:7)
  9 rats
  2 rat zombies (Ossuary)
151 creatures vanquished.

Vanquished Creatures (collateral kills)
  A water moccasin (D:6)
  A mummy (Ossuary)
  A hobgoblin zombie (Ossuary)
  2 kobold zombies (Ossuary)
  An orc zombie (Ossuary)
  A quokka zombie (D:6)
7 creatures vanquished.

Grand Total: 158 creatures vanquished

Notes
Turn   | Place    | Note
-------+----------+-------------------------------------------
     0 | D:1      | Peloso the Minotaur Chaos Knight began the quest for the Orb.
     0 | D:1      | Reached XP level 1. HP: 19/19 MP: 0/0
    60 | D:1      | Gained mutation: You are dopey. (Int -2) [potion of mutation]
    60 | D:1      | Gained mutation: Your magical capacity is low. (-10% MP) [potion of mutation]
    60 | D:1      | Gained mutation: You are robust. (+10% HP) [potion of mutation]
   119 | D:1      | Reached skill level 4 in Long Blades
   200 | D:1      | Reached XP level 2. HP: 28/29 MP: 0/0
   673 | D:2      | XOM: harmless Air miscast
   700 | D:2      | XOM: harmless Necr miscast
   726 | D:2      | Noticed Terence
   727 | D:2      | XOM: potion effect (heal wounds)
   731 | D:2      | Killed Terence
   731 | D:2      | Reached XP level 3. HP: 29/36 MP: 1/1
   735 | D:2      | Reached skill level 5 in Long Blades
   984 | D:2      | Reached XP level 4. HP: 41/44 MP: 2/2
  1008 | D:2      | XOM: divination: detect items
  1480 | D:3      | XOM: harmless Chrm miscast
  1514 | D:3      | Noticed WobbleTop's ghost (weakling DsGl)
  1525 | D:3      | Killed WobbleTop's ghost
  1552 | D:3      | XOM: silly message
  1595 | D:3      | Reached XP level 5. HP: 50/50 MP: 3/3
  1688 | D:3      | Reached skill level 6 in Long Blades
  1694 | D:3      | XOM: harmless Chrm miscast
  2062 | D:4      | Reached XP level 6. HP: 58/58 MP: 4/4
  2089 | D:4      | Reached skill level 7 in Long Blades
  2215 | D:4      | XOM: cloud trail
  2409 | D:4      | Found a sand-covered staircase.
  2415 | Ossuary  | Entered an ossuary
  2509 | Ossuary  | XOM: summons 3 friendly demons
  2518 | Ossuary  | Reached skill level 5 in Fighting
  2518 | Ossuary  | Reached skill level 1 in Stealth
  2524 | Ossuary  | Reached XP level 7. HP: 63/67 MP: 5/5
  2697 | D:4      | Lost mutation: You are robust. (+10% HP) [potion of mutation]
  2697 | D:4      | Lost mutation: Your magical capacity is low. (-10% MP) [potion of mutation]
  2697 | D:4      | Lost mutation: You are dopey. (Int -2) [potion of mutation]
  2697 | D:4      | Gained mutation: You are robust. (+10% HP) [potion of mutation]
  2697 | D:4      | Gained mutation: You passively map a small area around you. [potion of mutation]
  2974 | D:5      | Entered Level 5 of the Dungeon
  2990 | D:5      | Reached skill level 8 in Long Blades
  3008 | D:5      | XOM: mild Tloc miscast
  3462 | D:5      | XOM: cloud trail
  3498 | D:5      | Found a staircase to the Ecumenical Temple.
  3605 | D:6      | Noticed Gargoyl's ghost (novice MiAK)
  3614 | D:6      | XOM: summons 2 friendly demons
  3616 | D:6      | Killed Gargoyl's ghost
  3616 | D:6      | Reached skill level 9 in Long Blades
  3616 | D:6      | Reached XP level 8. HP: 18/77 MP: 7/7
  3976 | D:6      | XOM: summons friendly white imp
  4107 | D:6      | Reached skill level 5 in Armour
  4197 | D:6      | XOM: cloud trail
  4240 | D:6      | XOM: cast spell 'Death Channel'
  4372 | D:7      | Noticed a hippogriff
  4382 | D:7      | Killed a hippogriff
  4382 | D:7      | Reached skill level 10 in Long Blades
  4391 | D:7      | Found an iron altar of Okawaru.
  4448 | D:7      | XOM is BORED!
  4448 | D:7      | XOM: 3-stop teleportation journey
  4707 | D:7      | XOM: harmless Erth miscast
  5086 | D:7      | Quit the game

Skill      XL: |  1  2  3  4  5  6  7  8 |
---------------+-------------------------+-----
Long Blades    | 4 5 6 7 9 10 | 10.3
Fighting       | 4 5 6 |  6.7
Dodging        | 2 3 4 |  4.5
Armour         | 3 4 5 |  5.8
Stealth        | 1 |  1.7

Action                   |  1- 3 |  4- 6 |  7- 9 || total
-------------------------+-------+-------+-------++-------
Melee: Falchion          |    75 |   129 |   163 ||   367
       Headbutt          |    15 |    18 |    25 ||    58
  Use: Potion            |     1 |       |    12 ||    13
 Stab: Distracted        |       |       |     1 ||     1
  Eat: Chunk             |       |     4 |     7 ||    11
       Royal jelly       |       |       |     1 ||     1
Armor: Leather armour    |    24 |    37 |     3 ||    64
       Plate armour      |       |       |   105 ||   105
Dodge: Dodged            |    60 |    86 |    64 ||   210
       Rpst.: Falchion   |     9 |    25 |    13 ||    47
